| TOP OF THE 1ST |
|
Buffalo Bisons batting - Pitching for Tacoma Rainiers : RHP Josh Newell
|
|
Pitching: RHP Josh Newell
|
|
|
Batting: SHB Bran Stark
|
0-0: Ball 1-0: Ball 2-0: Ball 3-0: Called Strike 3-1: Swinging Strike 3-2: Base on Balls
|
|
Batting: RHB Alex Ramos
|
0-0: Called Strike 0-1: Ball Wild Pitch! Bran Stark to second 1-1: Swinging Strike 1-2: Ball 2-2: Strikes out looking
|
|
Batting: RHB Bill Murray
|
0-0: Ball 1-0: Ball Bran Stark steals 3rd base 2-0: Ground out 6-3 (Groundball, 6, EV 101.9 MPH) Bran Stark scores
|
|
Batting: RHB Danny Miramontes
|
0-0: Ball 1-0: Ball 2-0: Ball 3-0: Base on Balls
|
|
Batting: RHB Francisco Hernandez
|
0-0: Foul Ball, location: 2F 0-1: Ball 1-1: Ball 2-1: Fly out, F8 (Flyball, 8RM, EV 83.8 MPH)
|
| Top of the 1st over - 1 run, 0 hits, 0 errors, 1 left on base; Buffalo 1 - Tacoma 0 |
| BOTTOM OF THE 1ST |
|
Tacoma Rainiers batting - Pitching for Buffalo Bisons : RHP Edward Saunders
|
|
Pitching: RHP Edward Saunders
|
|
|
Batting: LHB Jawad Fahad
|
0-0: Ball 1-0: Ball 2-0: Called Strike 2-1: Called Strike 2-2: Foul Ball, location: 2F 2-2: Strikes out swinging
|
|
Batting: SHB Isaiah Cherry
|
0-0: Called Strike 0-1: Foul Ball, location: 2F 0-2: Foul Ball, location: 2F 0-2: Ball 1-2: Strikes out swinging
|
|
Batting: RHB Marco Diaz
|
0-0: Fly out, F5 (Popup, 5DF, EV 72.5 MPH)
|
| Bottom of the 1st over - 0 runs, 0 hits, 0 errors, 0 left on base; Buffalo 1 - Tacoma 0 |
| TOP OF THE 2ND |
|
Buffalo Bisons batting - Pitching for Tacoma Rainiers : RHP Josh Newell
|
|
Batting: RHB Leo Mair
|
0-0: Called Strike 0-1: Foul Ball, location: 2F 0-2: Fly out, F2 (Popup, 2LF, EV 84.4 MPH)
|
|
Batting: RHB Chris Martin
|
0-0: Swinging Strike 0-1: Called Strike 0-2: Ball 1-2: Foul Ball, location: 2F 1-2: Strikes out swinging
|
|
Batting: RHB Danny Heyer
|
0-0: Ball 1-0: Called Strike 1-1: Foul Ball, location: 2F 1-2: Foul Ball, location: 2F 1-2: Ball 2-2: Ball 3-2: Foul Ball, location: 2F 3-2: Base on Balls
|
|
Batting: RHB Bobby Lasaguna
|
0-0: Ball Danny Heyer steals 2nd base 1-0: Ball 2-0: Called Strike 2-1: Foul Ball, location: 2F 2-2: Strikes out swinging
|
| Top of the 2nd over - 0 runs, 0 hits, 0 errors, 1 left on base; Buffalo 1 - Tacoma 0 |
| BOTTOM OF THE 2ND |
|
Tacoma Rainiers batting - Pitching for Buffalo Bisons : RHP Edward Saunders
|
|
Batting: LHB Ryan Lowe
|
0-0: Foul Ball, location: 2F 0-1: Foul Ball, location: 2F 0-2: Strikes out looking
|
|
Batting: LHB Josh Pittman
|
0-0: SINGLE (Groundball, 4MD, EV 98.8 MPH)
|
|
Batting: RHB Max Schellekens
|
0-0: Called Strike 0-1: Ball 1-1: SINGLE (Line Drive, 78S, EV 92.5 MPH) Josh Pittman to second
|
|
Batting: RHB Hideo Okimura
|
0-0: Called Strike 0-1: Foul Ball, location: 2F 0-2: SINGLE (Groundball, 34D, EV 103.1 MPH) Josh Pittman to third Max Schellekens to second
|
|
Batting: RHB Lamberto Amicis
|
0-0: Fielders Choice at 2nd, 5-4 (Groundball, 5, EV 110.6 MPH) Josh Pittman scores Max Schellekens to third
|
|
Batting: RHB Jesus Santiago
|
0-0: Ground out 4-3 (Groundball, 4, EV 81.9 MPH)
|
| Bottom of the 2nd over - 1 run, 3 hits, 0 errors, 2 left on base; Buffalo 1 - Tacoma 1 |
| TOP OF THE 3RD |
|
Buffalo Bisons batting - Pitching for Tacoma Rainiers : RHP Josh Newell
|
|
Batting: SHB Bran Stark
|
0-0: Swinging Strike 0-1: Foul Ball, location: 2F 0-2: Foul Ball, location: 2F 0-2: SOLO HOME RUN (Flyball, 89XD, EV 107.5 MPH), Distance : 420 ft
|
|
Batting: RHB Alex Ramos
|
0-0: Ball 1-0: Ball 2-0: Ball 3-0: Base on Balls
|
|
Batting: RHB Bill Murray
|
0-0: Ball 1-0: Foul Ball, location: 2F 1-1: Foul Ball, location: 2F 1-2: Foul Ball, location: 2F 1-2: Ball 2-2: Strikes out swinging
|
|
Batting: RHB Danny Miramontes
|
0-0: Foul Ball, location: 2F 0-1: Called Strike Alex Ramos steals 2nd base 0-2: Ball 1-2: Ball 2-2: Strikes out looking
|
|
Batting: RHB Francisco Hernandez
|
0-0: Foul Ball, location: 2F 0-1: Foul Ball, location: 2F 0-2: Foul Ball, location: 2F 0-2: Ball 1-2: Foul Ball, location: 2F 1-2: Strikes out swinging
|
| Top of the 3rd over - 1 run, 1 hit, 0 errors, 1 left on base; Buffalo 2 - Tacoma 1 |
| BOTTOM OF THE 3RD |
|
Tacoma Rainiers batting - Pitching for Buffalo Bisons : RHP Edward Saunders
|
|
Batting: LHB Jawad Fahad
|
0-0: Foul Ball, location: 2F 0-1: Ball 1-1: Ball 2-1: Ball 3-1: Called Strike 3-2: SINGLE (Flyball, 8LS, EV 95.6 MPH)
|
|
Batting: SHB Isaiah Cherry
|
0-0: Called Strike 0-1: Swinging Strike 0-2: Strikes out swinging
|
|
Batting: RHB Marco Diaz
|
0-0: SINGLE (Flyball, 78S, EV 100.6 MPH) Jawad Fahad to second
|
|
Batting: LHB Ryan Lowe
|
0-0: Called Strike 0-1: Ball 1-1: Ball 2-1: Foul Ball, location: 2F 2-2: Grounds into double play, 4-6-3 (Groundball, 4, EV 78.1 MPH)
|
| Bottom of the 3rd over - 0 runs, 2 hits, 0 errors, 1 left on base; Buffalo 2 - Tacoma 1 |
| TOP OF THE 4TH |
|
Buffalo Bisons batting - Pitching for Tacoma Rainiers : RHP Josh Newell
|
|
Batting: RHB Leo Mair
|
0-0: Ball 1-0: Ball 2-0: Ball 3-0: Called Strike 3-1: Foul Ball, location: 2F 3-2: Strikes out looking
|
|
Batting: RHB Chris Martin
|
0-0: Ground out 5-3 (Groundball, 56S, EV 93.8 MPH)
|
|
Batting: RHB Danny Heyer
|
0-0: Ball 1-0: Called Strike 1-1: Foul Ball, location: 2F 1-2: Ball 2-2: Ground out 6-3 (Groundball, 6M, EV 92.5 MPH)
|
| Top of the 4th over - 0 runs, 0 hits, 0 errors, 0 left on base; Buffalo 2 - Tacoma 1 |
| BOTTOM OF THE 4TH |
|
Tacoma Rainiers batting - Pitching for Buffalo Bisons : RHP Edward Saunders
|
|
Batting: LHB Josh Pittman
|
0-0: SINGLE (Line Drive, 6MD, EV 100.0 MPH)
|
|
Batting: RHB Max Schellekens
|
0-0: Ball 1-0: Called Strike 1-1: SINGLE (Line Drive, 8LS, EV 113.1 MPH) Josh Pittman to second
|
|
Batting: RHB Hideo Okimura
|
0-0: Foul Ball, location: 2F 0-1: Ball 1-1: Ball 2-1: Ball 3-1: Grounds into double play, 5-4-3 (Groundball, 5, EV 108.1 MPH) Josh Pittman to third
|
|
Batting: RHB Lamberto Amicis
|
0-0: Foul Ball, location: 2F 0-1: Ball Wild Pitch! Josh Pittman scores 1-1: Called Strike 1-2: Ball 2-2: Ground out 5-3 (Groundball, 56S, EV 71.2 MPH)
|
| Bottom of the 4th over - 1 run, 2 hits, 0 errors, 0 left on base; Buffalo 2 - Tacoma 2 |
| TOP OF THE 5TH |
|
Buffalo Bisons batting - Pitching for Tacoma Rainiers : RHP Josh Newell
|
|
Batting: RHB Bobby Lasaguna
|
0-0: Called Strike 0-1: Ball 1-1: Ground out 4-3 (Groundball, 4S, EV 64.4 MPH)
|
|
Batting: SHB Bran Stark
|
0-0: Ball 1-0: Called Strike 1-1: Ball 2-1: Foul Ball, location: 2F 2-2: Ball 3-2: Base on Balls
|
|
Batting: RHB Alex Ramos
|
0-0: Ball 1-0: Called Strike Bran Stark steals 2nd base (no throw) 1-1: Foul Ball, location: 2F 1-2: Foul Ball, location: 2F 1-2: Ground out 6-3 (Groundball, 6S, EV 90.0 MPH) Bran Stark to third
|
|
Batting: RHB Bill Murray
|
0-0: Swinging Strike 0-1: Foul Ball, location: 2F 0-2: Ball 1-2: Strikes out swinging
|
| Top of the 5th over - 0 runs, 0 hits, 0 errors, 1 left on base; Buffalo 2 - Tacoma 2 |
| BOTTOM OF THE 5TH |
|
Tacoma Rainiers batting - Pitching for Buffalo Bisons : RHP Edward Saunders
|
|
Batting: RHB Jesus Santiago
|
0-0: Ball 1-0: Ground out 5-3 (Groundball, 5, EV 86.9 MPH)
|
|
Batting: LHB Jawad Fahad
|
0-0: Called Strike 0-1: Called Strike 0-2: Foul Ball, location: 2F 0-2: Ball 1-2: Ball 2-2: Ground out 3-1 (Groundball, 34, EV 78.1 MPH)
|
|
Batting: SHB Isaiah Cherry
|
0-0: Ball 1-0: Called Strike 1-1: Swinging Strike 1-2: Foul Ball, location: 2F 1-2: Ball 2-2: Strikes out swinging
|
| Bottom of the 5th over - 0 runs, 0 hits, 0 errors, 0 left on base; Buffalo 2 - Tacoma 2 |
| TOP OF THE 6TH |
|
Buffalo Bisons batting - Pitching for Tacoma Rainiers : RHP Josh Newell
|
|
Batting: RHB Danny Miramontes
|
0-0: Ball 1-0: Ball 2-0: Ball 3-0: Base on Balls
|
|
Pitching: RHP Tyler Rayner
|
|
|
Batting: RHB Francisco Hernandez
|
0-0: Ball 1-0: Foul Ball, location: 2F 1-1: Foul Ball, location: 2F 1-2: Fly out, F9 (Flyball, 9S, EV 90.6 MPH)
|
|
Batting: RHB Leo Mair
|
0-0: Ball 1-0: Ball 2-0: Called Strike 2-1: Ball 3-1: Foul Ball, location: 2F 3-2: Base on Balls Danny Miramontes to second
|
|
Batting: RHB Chris Martin
|
0-0: Ball 1-0: Ball 2-0: Ball 3-0: Base on Balls Danny Miramontes to third Leo Mair to second
|
|
Pinch Hitting: LHB Jack Bell
|
0-0: Ball 1-0: Ball 2-0: Fly out, F7 (Flyball, 7, EV 93.1 MPH)
|
|
Batting: RHB Bobby Lasaguna
|
0-0: Ball 1-0: Foul Ball, location: 2F 1-1: Ball 2-1: Ground out 4-3 (Groundball, 4, EV 91.9 MPH)
|
| Top of the 6th over - 0 runs, 0 hits, 0 errors, 3 left on base; Buffalo 2 - Tacoma 2 |
| BOTTOM OF THE 6TH |
|
Tacoma Rainiers batting - Pitching for Buffalo Bisons : RHP Edward Saunders
|
|
Now at 3B: Dusty Thompson
|
|
|
Batting: RHB Marco Diaz
|
0-0: Called Strike 0-1: Foul Ball, location: 2F 0-2: Ball 1-2: Ball 2-2: Foul Ball, location: 2F 2-2: Foul Ball, location: 2F 2-2: Ball 3-2: Base on Balls
|
|
Batting: LHB Ryan Lowe
|
0-0: Foul Ball, location: 2F 0-1: Ball 1-1: Ball 2-1: Swinging Strike 2-2: Fly out, F9 (Line Drive, 9S, EV 88.1 MPH)
|
|
Batting: LHB Josh Pittman
|
0-0: Called Strike 0-1: Foul Ball, location: 2F 0-2: Grounds into double play, 6-4-3 (Groundball, 6, EV 91.9 MPH)
|
| Bottom of the 6th over - 0 runs, 0 hits, 0 errors, 0 left on base; Buffalo 2 - Tacoma 2 |
| TOP OF THE 7TH |
|
Buffalo Bisons batting - Pitching for Tacoma Rainiers : RHP Tyler Rayner
|
|
Batting: SHB Bran Stark
|
0-0: Ball 1-0: Ball 2-0: Called Strike 2-1: Fly out, F4 (Line Drive, 4, EV 63.8 MPH)
|
|
Batting: RHB Alex Ramos
|
0-0: Ball 1-0: Called Strike 1-1: Called Strike 1-2: Ball 2-2: Foul Ball, location: 2F 2-2: Foul Ball, location: 2F 2-2: SOLO HOME RUN (Flyball, 7D, EV 97.5 MPH), Distance : 389 ft
|
|
Batting: RHB Bill Murray
|
0-0: Ball 1-0: Ball 2-0: Ground out 6-3 (Groundball, 6, EV 76.9 MPH)
|
|
Batting: RHB Danny Miramontes
|
0-0: Swinging Strike 0-1: Foul Ball, location: 2F 0-2: Foul Ball, location: 2F 0-2: Strikes out swinging
|
| Top of the 7th over - 1 run, 1 hit, 0 errors, 0 left on base; Buffalo 3 - Tacoma 2 |
| BOTTOM OF THE 7TH |
|
Tacoma Rainiers batting - Pitching for Buffalo Bisons : RHP Edward Saunders
|
|
Now in RF: Väinö Tapaninen
|
|
|
Batting: RHB Max Schellekens
|
0-0: Ball 1-0: Fly out, F3 (Line Drive, 34D, EV 65.0 MPH)
|
|
Batting: RHB Hideo Okimura
|
0-0: Ball 1-0: Called Strike 1-1: Called Strike 1-2: Ball 2-2: Strikes out swinging
|
|
Batting: RHB Lamberto Amicis
|
0-0: Called Strike 0-1: Swinging Strike 0-2: Strikes out looking
|
| Bottom of the 7th over - 0 runs, 0 hits, 0 errors, 0 left on base; Buffalo 3 - Tacoma 2 |
| TOP OF THE 8TH |
|
Buffalo Bisons batting - Pitching for Tacoma Rainiers : RHP Tyler Rayner
|
|
Pitching: RHP David Lane
|
|
|
Batting: RHB Francisco Hernandez
|
0-0: Fly out, F5 (Popup, 15, EV 77.5 MPH)
|
|
Batting: RHB Leo Mair
|
0-0: Ball 1-0: Foul Ball, location: 2F 1-1: Called Strike 1-2: Foul Ball, location: 2F 1-2: Foul Ball, location: 2F 1-2: Strikes out swinging
|
|
Batting: RHB Chris Martin
|
0-0: Ground out 1-3 (Groundball, 15S, EV 61.9 MPH)
|
| Top of the 8th over - 0 runs, 0 hits, 0 errors, 0 left on base; Buffalo 3 - Tacoma 2 |
| BOTTOM OF THE 8TH |
|
Tacoma Rainiers batting - Pitching for Buffalo Bisons : RHP Edward Saunders
|
|
Now at 2B: Danny Eberhart
|
|
|
Batting: RHB Jesus Santiago
|
0-0: Reached on error, E4 (Groundball, 34, EV 107.5 MPH)
|
|
Batting: LHB Jawad Fahad
|
0-0: Ball 1-0: Ball 2-0: Ball 3-0: Called Strike 3-1: Base on Balls Jesus Santiago to second
|
|
Batting: SHB Isaiah Cherry
|
0-0: Called Strike 0-1: Swinging Strike 0-2: Strikes out swinging
|
|
Batting: RHB Marco Diaz
|
0-0: Ball 1-0: Ball 2-0: Foul Ball, location: 2F 2-1: Foul Ball, location: 2F 2-2: Fielders Choice at 2nd, 2-6 (Groundball, 13S, EV 71.9 MPH) Jesus Santiago to third
|
|
Pitching: LHP Mario Amore
|
|
|
Batting: RHB Steve Martin
|
0-0: Ball 1-0: Foul Ball, location: 2F 1-1: Foul Ball, location: 2F 1-2: Ball 2-2: Ball 3-2: Base on Balls Marco Diaz to second
|
|
Pinch Hitting: RHB Zach Downs
|
0-0: Foul Ball, location: 2F 0-1: Swinging Strike 0-2: Strikes out looking
|
| Bottom of the 8th over - 0 runs, 0 hits, 1 error, 3 left on base; Buffalo 3 - Tacoma 2 |
| TOP OF THE 9TH |
|
Buffalo Bisons batting - Pitching for Tacoma Rainiers : RHP David Lane
|
|
Now in LF: Perry Renouf
|
|
|
Batting: RHB Dusty Thompson
|
0-0: Ball 1-0: Called Strike 1-1: Ball 2-1: Ball 3-1: SOLO HOME RUN (Flyball, 7LD, EV 98.8 MPH), Distance : 344 ft
|
|
Batting: RHB Bobby Lasaguna
|
0-0: Called Strike 0-1: Ball 1-1: SINGLE (Groundball, 6M, EV 101.2 MPH) (infield hit)
|
|
Batting: SHB Bran Stark
|
0-0: Called Strike 0-1: Bunt missed! 0-2: Ball 1-2: Ball Bobby Lasaguna is caught stealing 2nd base 2-6 2-2: Foul Ball, location: 2F 2-2: Fly out, F7 (Flyball, 7S, EV 85.0 MPH)
|
|
Batting: RHB Alex Ramos
|
0-0: Ball 1-0: Ball 2-0: Ball 3-0: Called Strike 3-1: Foul Ball, location: 2F 3-2: Foul Ball, location: 2F 3-2: Foul Ball, location: 2F 3-2: Base on Balls
|
|
Batting: RHB Väinö Tapaninen
|
0-0: Called Strike 0-1: Foul Ball, location: 2F 0-2: Ball 1-2: Fly out, F7 (Flyball, 78M, EV 86.9 MPH)
|
| Top of the 9th over - 1 run, 2 hits, 0 errors, 1 left on base; Buffalo 4 - Tacoma 2 |
| BOTTOM OF THE 9TH |
|
Tacoma Rainiers batting - Pitching for Buffalo Bisons : LHP Mario Amore
|
|
Batting: RHB Max Schellekens
|
0-0: Ball 1-0: Ground out 6-3 (Groundball, 6S, EV 83.8 MPH)
|
|
Batting: RHB Hideo Okimura
|
0-0: Ball 1-0: Ball 2-0: SINGLE (Line Drive, 6MD, EV 99.4 MPH)
|
|
Batting: RHB Lamberto Amicis
|
0-0: SINGLE (Line Drive, 6MD, EV 102.5 MPH) Hideo Okimura to second
|
|
Batting: RHB Jesus Santiago
|
0-0: Foul Ball, location: 2F 0-1: Foul Ball, location: 2F 0-2: Fly out, F9 (Flyball, 9D, EV 108.8 MPH)
|
|
Pinch Hitting: RHB Julian Gregory
|
0-0: Called Strike 0-1: Ball 1-1: Called Strike 1-2: Ball 2-2: Fielders Choice at 2nd, 6-4 (Groundball, 6, EV 103.8 MPH)
|
| Bottom of the 9th over - 0 runs, 2 hits, 0 errors, 2 left on base; Buffalo 4 - Tacoma 2 |
|